 Dungeon Crawl Stone Soup version 0.30-a0-808-g6e0788376e (webtiles) character file.

Game seed: 3404392297683429529

381 demibob the Spear-Bearer (level 6, -2/44 HPs)
             Began as a Merfolk Gladiator on Feb 25, 2023.
             Splashed by a jelly's acid (3 damage)
             ... on level 4 of the Dungeon.
             The game lasted 00:04:17 (2590 turns).

demibob the Spear-Bearer (Merfolk Gladiator)        Turns: 2590, Time: 00:04:18

Health: -2/44      AC:  0    Str: 14    XL:     6   Next: 75%
Magic:  6/6        EV: 13    Int:  8    God:
Gold:   93         SH:  4    Dex: 17    Spells: 5/5 levels left

rFire   . . .      SeeInvis +    a - +0 trident (venom)
rCold   . . .      Faith    .    (no shield)
rNeg    . . .      Spirit   .    b - +0 leather armour
rPois   +          Reflect  .    c - +1 helmet
rElec   .          Harm     .    (no cloak)
rCorr   .          Rampage  .    g - +0 pair of gloves
Will    +....                    (no boots)
Stlth   +                        (no amulet)
HPRegen 0.27/turn                P - ring of poison resistance
MPRegen 0.10/turn                W - ring of willpower

@: corroded
A: (nimble swimmer 2), mertail, iridescent scales 1, large bone plates 1, see
invisible
a: no special abilities


You were on level 4 of the Dungeon.
You visited 1 branch of the dungeon, and saw 4 of its levels.

You collected 93 gold pieces.


Innate Abilities, Weirdness & Mutations

((You are very nimble when in or above water. (Stealth+, EV+, Speed+++)))
Your lower body shifts to a powerful aquatic tail in water.
You are partially covered in iridescent scales. (AC +2)
You are partially covered in large bone plates. (SH +4)
You have supernaturally acute eyesight. (SInv)


   Skills:
 - Level 2.1 Fighting
 + Level 9.7 Polearms
 - Level 2.0 Throwing
 - Level 4.0 Dodging


You had 5 spell levels left.
You didn't know any spells.
Your spell library contained the following spells:

 Spells                   Type           Power      Damage    Failure   Level
 Stone Arrow              Conj/Erth      0%         3d7       86%         3
 Animate Armour           Summ/Erth      0%         N/A       99%         4
 Lehudib's Crystal Spear  Conj/Erth      0%         10d2      100%        8

Inventory:

Hand Weapons
 a - a +0 trident of venom (weapon)
Missiles
 d - 3 throwing nets (quivered) {=f}
 e - a javelin
Armour
 b - a +0 leather armour (worn)
 c - a +1 helmet (worn)
 g - a +0 pair of gloves (worn)
Jewellery
 P - a ring of poison resistance (left hand)
 W - a ring of willpower (right hand)
Wands
 n - a wand of charming (10)
Scrolls
 f - 2 scrolls of amnesia
Potions
 i - a potion of curing {@q1}
 j - a potion of might
 m - a potion of mutation

Dungeon Overview and Level Annotations

Branches:
Dungeon (4/15)
 Temple: D:4-7

Altars:

Annotations:
D:1 2 transporters
D:4 Dowan

#.......######▒" .. .▒
#.##.#........▒. ▒.▒▒..▒
#.###....#####▒.. ⌠.▒..▒
#.# ##.#.# ▒.. .⌠...▒ #.#
#...# ▒..▒▒.▒..▒ #.#
##.#.## ▒........▒
#.###.###.# ▒....J...▒
#..###.#.#####▒▒▒▒''▒▒▒▒#
#..# ##...e@J..#.§........
#..# #.######............
#..# #.#######.##.....##.
#..# #.........###...###.#
#..####...................#
#............##......####.#
#..####.####.##......# ##.#
#.......# #.##........ ..##
#..####.# ##.##......##
#<..


You could see Dowan (fast) and a jelly.


Message History

The jelly hits you but does no damage.
You hit the jelly. The acid corrodes you!
Your hands burn!
The jelly is heavily wounded.
The jelly hits you but does no damage.
Dowan mumbles some strange words.
Dowan blinks!
You hit the jelly.
Your hands burn!
The jelly is almost dead.
The jelly barely misses you.
You hit the jelly but do no damage. The acid corrodes you!
Your hands burn!
The jelly is almost dead.
You hit the jelly but do no damage.
Your hands burn!
The jelly is almost dead.
Dowan hits you with a +0 dagger. The jelly barely misses you.
You hit the jelly but do no damage.
Your hands burn!
* * * LOW HITPOINT WARNING * * *
The jelly is almost dead.
Dowan closely misses you. The jelly hits you.
* * * LOW HITPOINT WARNING * * *
You are splashed with acid!
* * * LOW HITPOINT WARNING * * *
You hit the jelly.
Your hands burn!
* * * LOW HITPOINT WARNING * * *
The jelly is almost dead.
Dowan hits you with a +0 dagger.
* * * LOW HITPOINT WARNING * * *
The jelly misses you. Dowan hits you with a +0 dagger.
* * * LOW HITPOINT WARNING * * *
You hit the jelly but do no damage.
Your hands burn!
You die...

Skill      XL: |  1  2  3  4  5 |
---------------+----------------+-----
Polearms       | 5 6 8 9 |  9.7
Fighting       | |  2.1
Throwing       | |  2.0
Dodging        | |  4.0

Action                     |  1- 3 |  4- 6 || total
---------------------------+-------+-------++-------
  Melee: Trident           |    96 |    95 ||   191
         Punch             |       |     1 ||     1
    Use: Scroll            |     6 |     2 ||     8
         Potion            |       |     6 ||     6
   Stab: Sleeping          |     2 |     1 ||     3
 Armour: Leather armour    |    25 |    19 ||    44
  Dodge: Dodged            |    54 |    37 ||    91
  Block: Other             |       |     7 ||     7

Levels and vault maps discovered:
D:1:      spicycebolla_arrival_transporter_tutorial, layout_basic,
          grunt_decor_mini_mirrors
D:2:      layout_loops_ring, chequers_ecumenical_altar_simple_redux
D:3:      layout_basic
D:4:      layout_loops_ring, kennysheep_generic_room_4, uniq_duvessa,
          uniq_edmund

Notes
Turn   | Place    | Note
-------+----------+-------------------------------------------
     0 | D:1      | demibob the Merfolk Gladiator began the quest for the Orb.
     0 | D:1      | Reached XP level 1. HP: 16/16 MP: 1/1
    39 | D:1      | Reached XP level 2. HP: 22/22 MP: 2/2
    96 | D:1      | Reached skill level 5 in Polearms
   412 | D:1      | Reached XP level 3. HP: 11/27 MP: 3/3
   634 | D:2      | Found a faded altar of an unknown god.
   915 | D:2      | Identified the +1 plate armour "Vucearus" {rCorr Str+3
                  | Slay+3 Stlth-}
  1126 | D:2      | Reached skill level 6 in Polearms
  1580 | D:3      | Reached XP level 4. HP: 33/33 MP: 4/4
  2008 | D:4      | Noticed Duvessa
  2018 | D:4      | Reached skill level 7 in Polearms
  2020 | D:4      | Noticed Dowan
  2026 | D:4      | Gained mutation: You are partially covered in large bone
                  | plates. (SH +4) [potion of mutation]
  2026 | D:4      | Gained mutation: You are partially covered in iridescent
                  | scales. (AC +2) [potion of mutation]
  2026 | D:4      | Gained mutation: You have supernaturally acute eyesight.
                  | (SInv) [potion of mutation]
  2026 | D:4      | HP: 3/33 [Duvessa/+0 short sword (7)]
  2041 | D:4      | Killed Duvessa
  2042 | D:4      | Reached skill level 8 in Polearms
  2042 | D:4      | Reached XP level 5. HP: 8/38 MP: 5/5
  2269 | D:4      | Noticed Edmund
  2302 | D:4      | Killed Edmund
  2303 | D:4      | Reached skill level 9 in Polearms
  2303 | D:4      | Reached XP level 6. HP: 9/44 MP: 6/6
  2589 | D:4      | HP: 1/44 [Dowan/+0 dagger (5)]
  2590 | D:4      | Splashed by a jelly's acid

Vanquished Creatures
  Edmund (D:4)
  Duvessa (D:4)
  A howler monkey (D:4)
  5 gnolls
  An adder (D:4)
  A dart slug (D:1)
  4 orcs (D:3)
  4 ball pythons
  5 bats
  6 endoplasms
  2 giant cockroaches
  9 goblins
  7 hobgoblins
  3 jackals (D:4)
  4 quokkas
  3 frilled lizards
  2 kobolds (D:2)
  2 rats (D:1)
61 creatures vanquished.

Table legend: (Time is in decaauts)
 A = Elapsed time spent in this place.
 B = Non-inter-level travel time spent in this place.
 C = Inter-level travel time spent in this place.
 D = Time resting spent in this place.
 E = Time spent auto-exploring this place.
 F = Levels seen in this place.
 G = Mean time per level.
                   A        B        C        D        E       F      G
               +--------+--------+--------+--------+--------+-----+--------+
         Total |   2555 |   2409 |    146 |    159 |   1805 |   4 |  638.8 |
       Dungeon |   2555 |   2409 |    146 |    159 |   1805 |   4 |  638.8 |
               +--------+--------+--------+--------+--------+-----+--------+

Top non-repeatable levels by time:
     D:3: 767 daAuts
     D:2: 714 daAuts
     D:1: 616 daAuts
     D:4: 456 daAuts

Table legend:
 A = Non-vault XP
 B = Vault XP
 C = Vault XP percentage of total XP
 D = Non-vault monster count
 E = Vault monster count
 F = Vault count percentage of total count
                 A         B        C        D         E       F
            +---------+---------+-------+---------+---------+-------
      Total |     239 |     306 |  56.1 |      58 |       3 |   4.9
            +---------+---------+-------+---------+---------+-------
        D:1 |      38 |       0 |   0.0 |      13 |       0 |   0.0
        D:2 |      23 |       0 |   0.0 |      13 |       0 |   0.0
        D:3 |      37 |       0 |   0.0 |      18 |       0 |   0.0
        D:4 |     141 |     306 |  68.5 |      14 |       3 |  17.6
            +---------+---------+-------+---------+---------+-------
